 Dungeon Crawl Stone Soup version 0.31-a0-1611-g890cdf5628 (webtiles) character file.

Game seed: 11681682366107494304

26717 Zdeegee the Toxicologist (level 13, -2/100 HPs)
             Began as a Formicid Alchemist on Dec 28, 2023.
             Was an Elder of Vehumet.
             Slain by a spriggan rider
             ... wielding a +0 spear
              (21 damage)
             ... on level 5 of the Lair of Beasts on Jan 8, 2024.
             The game lasted 01:31:38 (19858 turns).

Zdeegee the Toxicologist (Formicid Alchemist)      Turns: 19858, Time: 01:31:39

Health: -2/100     AC:  5    Str: 13    XL:     13   Next: 60%
Magic:  1/27       EV: 15    Int: 26    God:    Vehumet [****..]
Gold:   1432       SH:  0    Dex: 14    Spells: 1/33 levels left

rFire   + . .        b - +9 staff of Olgreb {rPois∞}
rCold   + . .        (no shield)
rNeg    . . .        u - +1 robe {rC+ rF+}
rPois   ∞            (helmet unavailable)
rElec   .            z - +0 cloak {rCorr}
rCorr   +            (no gloves)
SInv    +            H - +0 pair of boots
Will    +....        x - amulet of regeneration
Stlth   ++           Y - +6 ring of intelligence
HPRegen 1.16/turn    B - ring of wizardry
MPRegen 0.20/turn

%: wizardry (x1)
@: mighty, radiating poison, invisible
A: permanent stasis, dig shafts and tunnels, antennae 3, four strong arms
a: Dig, Shaft Self, Renounce Religion, Evoke the Staff of Olgreb


You were on level 5 of the Lair of Beasts.
You worshipped Vehumet.
Vehumet was greatly pleased with you.
You visited 3 branches of the dungeon, and saw 17 of its levels.
You also visited: Bailey and Ice Cave.

You collected 1649 gold pieces.
You spent 217 gold pieces at shops.

Inventory:

Hand Weapons
 a - a +1 sling of flaming
 b - the +9 staff of Olgreb (weapon) {rPois∞}
   (You found it on level 7 of the Dungeon)

   Radiate:   It can be activated via the 'a'bility menu to radiate toxic
   energy, with effectiveness depending on Evocations skill.
   Alch:      It enhances your alchemy magic.
   rPois∞: It grants immunity to poison.
 c - a +0 heavy sling
 E - a +4 flail of draining
Missiles
 A - 4 throwing nets
Armour
 d - a +2 ring mail of cold resistance
 u - a +1 robe of resistance (worn)
 z - a +0 cloak of preservation (worn)
 H - a +0 pair of boots (worn)
 W - a +0 troll leather armour
Magical Staves
 l - a staff of cold
 p - a staff of earth
 M - a staff of conjuration
Jewellery
 f - a ring of protection from cold
 i - a ring of ice
 k - a +5 ring of evasion
 m - an amulet of faith
 n - a ring of poison resistance
 o - a +5 ring of evasion
 v - a ring of protection from fire
 x - an amulet of regeneration (around neck)
 B - a ring of wizardry (right hand)
 G - an amulet of guardian spirit
 I - a +5 ring of evasion
 O - a +5 ring of evasion
 Y - a +6 ring of intelligence (left hand)
Talismans
 Q - a beast talisman
 Z - a dragon-blood talisman
Wands
 r - a wand of acid (21)
 y - a wand of iceblast (21)
 S - a wand of polymorph (5)
Scrolls
 s - a scroll of revelation
 t - 5 scrolls of noise
 w - 3 scrolls of enchant weapon
 D - 3 scrolls of amnesia
 J - a scroll of identify
 R - a scroll of brand weapon
 V - 2 scrolls of silence
Potions
 e - 6 potions of curing
 g - 2 potions of enlightenment
 h - 3 potions of attraction
 j - a potion of invisibility
 q - a potion of lignification
 C - 4 potions of mutation
 F - 3 potions of cancellation
 K - 2 potions of magic
 L - a potion of resistance
 P - 2 potions of brilliance


   Skills:
 * Level 8.8 Fighting
 + Level 0.3 Staves
 + Level 5.1 Ranged Weapons
 * Level 4.8 Armour
 * Level 7.0 Dodging
 + Level 3.4 Stealth
 * Level 10.7 Spellcasting
 * Level 7.4 Conjurations
 + Level 0.8 Fire Magic
 * Level 3.3 Ice Magic
 + Level 9.7 Earth Magic
 + Level 11.2 Alchemy
 * Level 5.2 Evocations


You had one spell level left.
You knew the following spells:

 Your Spells              Type           Power      Damage    Failure   Level
a - Sting                 Conj/Alch      100%       1d9       1%          1
b - Ignite Poison         Fire/Alch      62%        N/A       1%          4
c - Sandblast             Erth           100%       2d20      1%          1
d - Stone Arrow           Conj/Erth      100%       3d13      1%          3
e - Olgreb's Toxic Radia  Alch           83%        N/A       1%          4
f - Brom's Barrelling Bo  Conj/Erth      56%        2d7       1%          4
g - Sticky Flame          Fire/Alch      62%        2d10      1%          4
h - Freezing Cloud        Conj/Ice/Air   16%        6-21      3%          5
i - Sculpt Simulacrum     Ice/Alch       33%        N/A       13%         6

Your spell library contained the following spells:

 Spells                   Type           Power      Damage    Failure   Level
 Necrotise                Necr           52%        1d6       1%          1
 Cigotuvi's Dreadful Rot  Necr/Alch/Air  100%       N/A       1%          2
 Mercury Vapours          Alch/Air       100%       N/A       1%          2
 Momentum Strike          Conj/Tloc      66%        3d9       1%          2
 Static Discharge         Conj/Air       66%        3-6/arc   1%          2
 Hailstorm                Conj/Ice       42%        3d9       1%          3
 Mephitic Cloud           Conj/Alch/Air  62%        N/A       1%          3
 Ozocubu's Armour         Ice            31%        N/A       1%          3
 Passwall                 Erth           59%        N/A       1%          3
 Iskenderun's Mystic Bla  Conj/Tloc      33%        2d8       1%          4
 Call Imp                 Summ           26%        N/A       2%          2
 Lesser Beckoning         Tloc           26%        N/A       2%          2
 Sublimation of Blood     Necr           13%        N/A       2%          2
 Summon Ice Beast         Ice/Summ       22%        N/A       2%          3
 Arcjolt                  Conj/Air       16%        1d26      3%          5
 Airstrike                Air            6%         2d(1-17)  4%          4
 Fugue of the Fallen      Necr           13%        N/A       5%          3
 Tukima's Dance           Hex            13%        N/A       5%          3
 Vampiric Draining        Necr           13%        2d6       5%          3
 Dimensional Bullseye     Hex/Tloc       6%         N/A       16%         4
 Manifold Assault         Tloc           13%        N/A       16%         4
 Martyr's Knell           Necr/Summ      13%        N/A       16%         4
 Summon Lightning Spire   Summ/Air       13%        N/A       16%         4
 Curse of Agony           Necr           13%        N/A       41%         5
 Summon Mana Viper        Hex/Summ       13%        N/A       41%         5
 Maxwell's Capacitive Co  Air            6%         ∞         99%         8
 Malign Gateway           Summ/Tloc      6%         N/A       100%        7
 Monstrous Menagerie      Summ           6%         N/A       100%        7
 Summon Hydra             Summ           6%         N/A       100%        7
 Summon Horrible Things   Summ           6%         N/A       100%        8
 Blink                    Tloc           Unusable   N/A       N/A         2
 Vhi's Electric Charge    Tloc/Air       Unusable   N/A       N/A         4

Dungeon Overview and Level Annotations

Branches:
Dungeon (12/15)            Temple (1/1) D:7            Lair (3/5) D:8
 Shoals (0/4) Lair:3       Bailey (visited)           IceCv (visited)
  Snake: Lair:2-3    Spider: Lair:2-3       Orc: D:9-12

Altars:
Ashenzari
Cheibriados
Dithmenos
Elyvilon
Fedhas
Gozag
Hepliaklqana
Kikubaaqudgha
Makhleb
Nemelex Xobeh
Okawaru
Qazlal
Ru
Sif Muna
Trog
Uskayaw
Vehumet
Wu Jian
Xom
Yredelemnul
Zin
The Shining One

Shops:
D:4 [((   D:6 **

Annotations:
D:7 1 runed translucent door


Innate Abilities, Weirdness & Mutations

You cannot be hasted, slowed, berserked, paralysed or teleported.
You can dig through walls and to a lower floor.
You have a pair of large antennae on your head. (SInv)
Your four strong arms can wield two-handed weapons with a shield.


Message History

The spriggan rider hits you from afar with a +0 spear.
* * * LOW HITPOINT WARNING * * *
The wolf moves out of view.
A yak comes into view.
The yak bellows!
You hear an angry buzzing noise. x2
A hornet comes into view.
The wolf stops to sniff the ground.
You hear an angry growl.
Okay, then.
Okay, then.
You fade into invisibility!
The wolf completely misses you.
It was a potion of might.
You feel very mighty all of a sudden. The wolf misses you. The wolf bites you!
* * * LOW HITPOINT WARNING * * *
The wolf closely misses you.
A yak comes into view.
The dream sheep completely misses you.
A spriggan comes into view. It is wielding a +0 dagger.
The wolf bites you!
* * * LOW HITPOINT WARNING * * *
A yak comes into view.
Unknown command.
You begin to radiate toxic energy.
The wolf is poisoned. x2
The spriggan shouts!
The spriggan is poisoned.
The wolf is poisoned.
The hornet is poisoned.
The spriggan rider is poisoned.
The wolf is poisoned. x2
The hornet is poisoned.
The yak is poisoned. x2
The yak bellows!
The yak is poisoned.
The death yak is poisoned. x2
The dream sheep is poisoned. x2; The wolf looks even sicker. x2
The spriggan looks even sicker.
The hornet looks even sicker.
The wolf looks even sicker.
The hornet looks even sicker.
The yak looks even sicker. x2; The death yak looks even sicker.
The dream sheep looks even sicker.
You hear an angry hiss.
You hear a shout! x2; You hear a howl!
The wolf misses you. The wolf completely misses you.
The spriggan rider hits you from afar with a +0 spear!!
You die...

♣♣♣ ♣♣♣♣♣♣♣
....♣♣♣♣♣♣♣♣♣h@hhh♣
♣....♣♣.yhiY♣♣♣y.Y..
♣♣.i.FYS.♣♣ ..Y
♣♣♣♣....YY♣♣♣ {Y
♣..♣......♣
♣F..g..♣♣.{.♣
♣♣.F..♣♣♣♣♣Yw.
,,..Y♣♣.♣ ♣♣^♣
{{Y♣♣{{♣♣♣ ♣


You could see 2 death yaks, a spriggan rider (poisoned), a black mamba (unable
to see you), 3 yaks, a cane toad (unable to see you), 2 hornets, a spriggan
(very poisoned), 5 wolves and 2 dream sheep.

Vanquished Creatures
  Fannar (Lair:1)
  An ice dragon (IceCv)
  Urug (Lair:1)
  An ugly thing (D:8)
  Pikel (D:4)
  2 cyclopes (D:11)
  An elephant (D:8)
  2 ice statues (IceCv)
  A gargoyle (D:11)
  An unseen horror (D:10)
  3 cane toads
  6 rime drakes
  3 komodo dragons
  2 kobold demonologists (D:9)
  2 polar bears
  3 trolls
  14 blink frogs
  Eustachio (D:4)
  A wyvern (D:8)
  22 yaks
  5 wraiths
  A basilisk (Lair:1)
  Grum (Lair:1)
  6 redbacks (D:7)
  2 death yak simulacra (Lair:2)
  Menkaure (D:7)
  8 water moccasins
  An orc warrior (D:9)
  4 black bears
  2 sky beasts
  2 ogres (D:6)
  14 wolves
  A laughing skull (D:11)
  6 centaurs
  A lemure (D:4)
  2 phantoms (D:6)
  4 kobold brigands
  Blork the orc (D:4)
  7 bullfrogs
  8 scorpions
  7 gnoll sergeants (Bailey)
  15 wights
  13 killer bees
  A lindwurm simulacrum (IceCv)
  An elephant simulacrum (Lair:2)
  5 howler monkeys
  3 crimson imps (D:5)
  7 hounds
  4 jellies
  6 komodo dragon simulacra (IceCv)
  3 orc priests
  Crazy Yiuf (D:7)
  8 gnoll boudas
  A sleepcap (D:6)
  3 iguanas
  9 orc wizards
  19 gnolls
  6 acid dragon simulacra (IceCv)
  9 adders
  2 shadow imps
  A white imp (D:7)
  2 ufetubi (D:5)
  8 steam dragon simulacra (IceCv)
  3 ribbon worms
  6 dart slugs
  31 orcs
  10 endoplasms
  2 giant cockroaches
  6 goblins
  9 hobgoblins
  4 jackals (D:1)
  6 quokkas
  14 ball pythons
  4 bats
  A frilled lizard (D:5)
  14 kobolds
  5 rats
395 creatures vanquished.

Vanquished Creatures (collateral kills)
  An ice beast (D:5)
  10 boulders
11 creatures vanquished.

Vanquished Creatures (others)
  A jelly (D:5)
  5 boulders
6 creatures vanquished.

Grand Total: 412 creatures vanquished

Notes
Turn   | Place    | Note
-------+----------+-------------------------------------------
     0 | D:1      | Zdeegee the Formicid Alchemist began the quest for the Orb.
     0 | D:1      | Reached XP level 1. HP: 13/13 MP: 3/3
   183 | D:1      | Reached XP level 2. HP: 20/20 MP: 5/5
   296 | D:1      | Learned a level 2 spell: Mercury Vapours
   298 | D:1      | Learned a level 1 spell: Sandblast
   583 | D:1      | Reached skill level 1 in Conjurations
   651 | D:1      | Reached XP level 3. HP: 25/25 MP: 6/6
   655 | D:1      | Learned a level 3 spell: Stone Arrow
   684 | D:1      | Found a faded altar of an unknown god.
  1346 | D:2      | Reached skill level 1 in Fighting
  1630 | D:2      | Reached XP level 4. HP: 32/32 MP: 5/8
  1743 | D:2      | Reached skill level 1 in Earth Magic
  2476 | D:3      | Reached XP level 5. HP: 32/37 MP: 5/9
  2916 | D:3      | Reached skill level 5 in Fighting
  2916 | D:3      | Reached skill level 5 in Spellcasting
  2916 | D:3      | Reached skill level 5 in Earth Magic
  2916 | D:3      | Reached skill level 7 in Alchemy
  2916 | D:3      | Reached XP level 6. HP: 51/51 MP: 9/13
  2923 | D:3      | Learned a level 4 spell: Olgreb's Toxic Radiance
  2928 | D:3      | Learned a level 4 spell: Brom's Barrelling Boulder
  3633 | D:4      | Found Mamyum's Weapon Shoppe.
  3633 | D:4      | Found Mothratea's Antique Armour Emporium.
  3648 | D:4      | Found Jiebupp's Weapon Emporium.
  3661 | D:4      | Noticed Blork the orc
  3672 | D:4      | Killed Blork the orc
  3673 | D:4      | Reached XP level 7. HP: 57/57 MP: 2/14
  4232 | D:4      | Noticed Eustachio
  4238 | D:4      | Killed Eustachio
  4270 | D:4      | Noticed Pikel
  4277 | D:4      | Killed Pikel
  4278 | D:4      | Reached skill level 5 in Dodging
  4278 | D:4      | Reached XP level 8. HP: 64/64 MP: 0/17
  5335 | D:4      | Bought a runed cloak for 172 gold pieces
  5384 | D:5      | Entered Level 5 of the Dungeon
  5697 | D:5      | Reached XP level 9. HP: 69/69 MP: 4/18
  6019 | D:5      | Identified the +1 leather armour of Snakes and Ladders
                  | {Str+3}
  6768 | D:5      | Found a shimmering altar of Xom.
  7038 | D:5      | Reached skill level 8 in Alchemy
  7906 | D:6      | Found Oshruum's Assorted Antiques.
  8165 | D:6      | Bought a silvery potion for 21 gold pieces
  8165 | D:6      | Bought a scroll labelled ERGHEI YC MUIG for 24 gold pieces
  8242 | D:6      | Reached XP level 10. HP: 76/76 MP: 13/20
  8325 | D:6      | Found Nylaf's Fire Supplies.
  8706 | D:7      | Noticed Menkaure
  8719 | D:7      | Killed Menkaure
  8766 | D:7      | Found a staircase to the Ecumenical Temple.
  8816 | Temple   | Entered the Ecumenical Temple
  8856 | Temple   | Became a worshipper of Vehumet
  8959 | D:7      | Found the +9 staff of Olgreb {rPois∞}
  8964 | D:7      | Found a runed translucent door.
  8983 | D:7      | Found a runed translucent door.
  8992 | D:7      | Found a runed translucent gate.
  8992 | D:7      | Found a runed translucent gate.
  9006 | D:7      | Found a runed translucent gate.
  9023 | D:7      | Reached skill level 5 in Conjurations
  9039 | D:7      | Reached skill level 5 in Ranged Weapons
  9317 | D:7      | Found a bloodstained altar of Trog.
  9323 | D:7      | Found an ancient bone altar of Kikubaaqudgha.
  9589 | D:7      | Found a runed translucent door.
  9590 | D:7      | Noticed Crazy Yiuf
  9862 | D:7      | Reached * piety under Vehumet
  9862 | D:7      | Offered knowledge of Foxfire by Vehumet.
 10019 | D:7      | Killed Crazy Yiuf
 10176 | D:8      | Noticed a green ugly thing
 10199 | D:8      | Upgraded the game from 0.31-a0-1447-g87ca8d402b to
                  | 0.31-a0-1576-ga3383bade6
 10202 | D:8      | Killed a green ugly thing
 10203 | D:8      | Reached skill level 9 in Alchemy
 10275 | D:8      | Reached XP level 11. HP: 83/83 MP: 3/22
 10505 | D:8      | Reached skill level 1 in Evocations
 10550 | D:8      | Found a shimmering blue altar of Sif Muna.
 10626 | D:8      | Found a staircase to the Lair.
 11122 | D:8      | Noticed an elephant
 11161 | D:8      | Killed an elephant
 11696 | D:9      | Offered knowledge of Shock by Vehumet.
 11781 | D:9      | Found a flagged portal.
 11797 | Bailey   | Entered a bailey
 11801 | Bailey   | Reached ** piety under Vehumet
 12780 | D:8      | Learned a level 4 spell: Sticky Flame
 12964 | D:10     | Entered Level 10 of the Dungeon
 12979 | D:8      | Offered knowledge of Hailstorm by Vehumet.
 13414 | D:9      | Reached skill level 10 in Alchemy
 13417 | D:9      | Reached *** piety under Vehumet
 13418 | D:9      | Reached XP level 12. HP: 92/92 MP: 11/24
 13602 | D:9      | Found a snail-covered altar of Cheibriados.
 13942 | D:10     | Found a hide-covered altar of Uskayaw.
 14898 | D:11     | Learned a level 5 spell: Freezing Cloud
 14935 | D:11     | Identified the +0 chain mail of Iwkin {Regen+ Dex+2}
 15386 | D:12     | Noticed a tengu warrior
 15386 | D:12     | Noticed a skeletal warrior
 15387 | D:12     | Noticed a death knight
 15388 | D:12     | Noticed an entropy weaver
 15488 | Lair:1   | Entered Level 1 of the Lair of Beasts
 15488 | Lair:1   | Noticed Urug
 15494 | Lair:1   | Killed Urug
 15494 | Lair:1   | Offered knowledge of Frozen Ramparts by Vehumet.
 15495 | Lair:1   | Reached skill level 1 in Ice Magic
 15950 | Lair:1   | Noticed Fannar
 16029 | Lair:1   | Killed Fannar
 16355 | Lair:1   | Noticed Grum
 16360 | Lair:1   | Killed Grum
 16444 | Lair:1   | Reached skill level 10 in Spellcasting
 16444 | Lair:1   | Reached **** piety under Vehumet
 16447 | Lair:1   | Reached XP level 13. HP: 99/99 MP: 7/27
 16448 | Lair:1   | Offered knowledge of Iskenderun's Mystic Blast by Vehumet.
 17020 | Lair:2   | Upgraded the game from 0.31-a0-1576-ga3383bade6 to
                  | 0.31-a0-1603-gbec6b6ccbf
 17020 | Lair:2   | Upgraded the game from 0.31-a0-1603-gbec6b6ccbf to
                  | 0.31-a0-1611-g890cdf5628
 17076 | Lair:2   | Found a frozen archway.
 17174 | IceCv    | Entered an ice cave
 17817 | IceCv    | Noticed an ice dragon
 17839 | IceCv    | Killed an ice dragon
 18289 | IceCv    | Reached skill level 11 in Alchemy
 18606 | Lair:2   | Learned a level 6 spell: Sculpt Simulacrum
 18612 | Lair:2   | Learned a level 4 spell: Ignite Poison
 19545 | Lair:3   | Found a staircase to the Shoals.
 19550 | Lair:3   | Reached skill level 5 in Evocations
 19811 | Lair:3   | Noticed a seven-headed hydra
 19841 | Lair:3   | You fall into a shaft and drop 2 floors!
 19841 | Lair:5   | Entered Level 5 of the Lair of Beasts
 19858 | Lair:5   | Slain by a spriggan rider

Illustrated notes

Levels and vault maps discovered:
D:1:      nicolae_arrival_memento_mori, layout_basic, serial_glass,
          glass_columns_a, glass_columns_a, shapermc_ecumenical_altar_venn
D:2:      layout_basic, hex_medium, corexii_item_surrounded_by_moat,
          grunt_ministairs_5, grunt_decor_resistance, minmay_circled_x
D:3:      layout_loops_corners, minmay_misc_feat_columns
D:4:      layout_layer_cave, serial_shops, shop, nicolae_shop_crystal, shop,
          uniq_pikel, uniq_blork_the_orc, uniq_eustachio
D:5:      layout_loops_corners, led_xom_imps, lexackson_kobold_supper
D:6:      layout_cave_pods, serial_shops, nicolae_shop_stone,
          serial_park_tiny_pond, nicolae_shop_fire_sale
          [nicolae_sub_dead_trees], kennysheep_cross_bottleneck,
          minmay_misc_feat_enclosed
D:7:      layout_cave_pods, mainiacjoe_overflow_catwalk_spiral,
          minmay_temple_entry_statues_fountains,
          minmay_guarded_unrand_staff_of_olgreb, uniq_crazy_yiuf_cottage,
          uniq_menkaure
D:8:      layout_basic, led_sif_book, david_lair_generic,
          nicolae_elevator_lobby_plus
D:9:      layout_cave_pools, lemuel_tele_altar, enter_bailey_2
D:10:     layout_roguey, mainiacjoe_overflow_chevrons
D:11:     layout_roguey
D:12:     minmay_ambush_box, layout_basic, david_orc_5, gauntlet_entry_generic,
          serial_shops, shop
Temple:   kb_temple_of_zot
Lair:1:   layout_chaotic_city, uniq_grum, uniq_urug, uniq_fannar
Lair:2:   layout_roguey, portal_ice_cave_entry_ice_simulacra
Lair:3:   layout_cave_pods, minmay_shoals_entry_centaurs,
          nicolae_snake_entry_squirm, minmay_holes
Lair:5:   minmay_lair_end_enchanted_forest, layout_misc_corridors,
          serial_bayou_shore_b

Skill      XL: |  1  2  3  4  5  6  7  8  9 10 11 12 13 |
---------------+----------------------------------------+-----
Dodging        | 2 4 5 6 7 |  7.0
Conjurations   | 1 4 5 6 7 |  7.4
Fighting       | 1 5 6 7 8 |  8.8
Earth Magic    | 1 5 6 7 8 9 |  9.7
Spellcasting   | 3 5 6 7 8 10 | 10.7
Ranged Weapons | 2 3 4 5 |  5.1
Armour         | 4 |  4.8
Alchemy        | 7 8 9 10 11 | 11.2
Stealth        | 3 |  3.4
Evocations     | 2 4 5 |  5.2
Ice Magic      | 2 3 |  3.3
Staves         | |  0.3
Fire Magic     | |  0.8

Action                     |  1- 3 |  4- 6 |  7- 9 | 10-12 | 13-15 || total
---------------------------+-------+-------+-------+-------+-------++-------
  Melee: Staff             |       |       |       |     7 |    19 ||    26
   Fire: Sling             |    48 |    59 |   129 |    56 |       ||   292
   Cast: Sting             |    30 |     5 |       |     1 |       ||    36
         Mercury Vapours   |     4 |     2 |       |     2 |       ||     8
         Sandblast         |    11 |    36 |    22 |    44 |     1 ||   114
         Olgreb's Toxic Ra |       |     3 |    14 |    70 |     8 ||    95
         Brom's Barrelling |       |     1 |     6 |    11 |     2 ||    20
         Stone Arrow       |       |       |    69 |   142 |   103 ||   314
         Sticky Flame      |       |       |       |     4 |    13 ||    17
         Freezing Cloud    |       |       |       |     1 |       ||     1
         Ignite Poison     |       |       |       |       |     5 ||     5
         Sculpt Simulacrum |       |       |       |       |     1 ||     1
Ability: Evoke the Staff o |       |       |       |     3 |     1 ||     4
         Dig               |       |       |       |     3 |       ||     3
         Shaft Self        |       |       |       |       |     1 ||     1
  Evoke: Wand              |       |       |       |    10 |       ||    10
    Use: Scroll            |       |     4 |     1 |    14 |     7 ||    26
         Potion            |       |     1 |       |     1 |     2 ||     4
 Armour: Robe              |    23 |    10 |    15 |    93 |    58 ||   199
  Dodge: Dodged            |    30 |    23 |    33 |   179 |    59 ||   324

Table legend: (Time is in decaauts)
 A = Elapsed time spent in this place.
 B = Non-inter-level travel time spent in this place.
 C = Inter-level travel time spent in this place.
 D = Time resting spent in this place.
 E = Time spent auto-exploring this place.
 F = Levels seen in this place.
 G = Mean time per level.
                   A        B        C        D        E       F      G
               +--------+--------+--------+--------+--------+-----+--------+
         Total |  19988 |  19310 |    678 |   1607 |  14556 |  19 | 1052.0 |
       Dungeon |  14725 |  14148 |    577 |    945 |  11058 |  12 | 1227.1 |
        Temple |     69 |     16 |     53 |      0 |      7 |   1 |   69.0 |
          Lair |   3081 |   3033 |     48 |     35 |   2510 |   4 |  770.2 |
        Bailey |    823 |    823 |      0 |    140 |    538 |   1 |  823.0 |
      Ice Cave |   1288 |   1288 |      0 |    487 |    443 |   1 | 1288.0 |
               +--------+--------+--------+--------+--------+-----+--------+

Top non-repeatable levels by time:
     D:4: 1986 daAuts
     D:5: 1967 daAuts
     D:8: 1763 daAuts
     D:7: 1577 daAuts
  Lair:1: 1532 daAuts
     D:1: 1346 daAuts
     D:6: 1300 daAuts
   IceCv: 1288 daAuts
     D:3: 1163 daAuts
     D:2: 967 daAuts
  Lair:2: 946 daAuts
    D:11: 945 daAuts
     D:9: 885 daAuts
  Bailey: 823 daAuts
    D:10: 813 daAuts
